 Dungeon Crawl Stone Soup version 0.23.2-11-gf996548c65 (webtiles) character file.

Game seed: 255433126890612148

2410 VincentAMV the Cleaver (level 9, -2/78 HPs)
             Began as a Hill Orc Fighter on June 5, 2019.
             Was an Initiate of the Shining One.
             Slain by an orc warrior
             ... wielding a +0 flail
              (15 damage)
             ... on level 7 of the Dungeon.
             The game lasted 00:27:23 (7214 turns).

VincentAMV the Cleaver (Hill Orc Fighter)           Turns: 7214, Time: 00:27:23

Health: -2/78      AC: 19    Str: 24    XL:     9   Next: 47%
Magic:  9/9        EV:  6    Int:  8    God:    the Shining One [......]
Gold:   71         SH: 10    Dex:  8    Spells: 8/8 levels left

rFire    . . .     SeeInvis .   K - +1 morningstar (protect)
rCold    . . .     Gourm    .   c - +0 shield
rNeg     . . .     Faith    .   p - +0 chain mail
rPois    +         Spirit   .   A - +2 hat
rElec    +         Reflect  .   J - +2 cloak {+Inv}
rCorr    .         Harm     +   n - +0 pair of gloves
MR       .....                  I - +2 pair of boots
Stlth    ..........             G - amulet "Ossuroa" {Harm *Drain +Blink rElec Str+2 Dex-2}
HPRegen  0.23/turn              D - ring of poison resistance
MPRegen  0.11/turn              (no ring)

@: glowing
A: no striking features
a: Renounce Religion, Evoke Blink, Evoke Invisibility


You were on level 7 of the Dungeon.
You worshipped the Shining One.
The Shining One was noncommittal.
You were not hungry.

You visited 2 branches of the dungeon, and saw 9 of its levels.

You collected 407 gold pieces.
You spent 336 gold pieces at shops.

Inventory:

Hand Weapons
 a - a +0 war axe
 y - a +1 morningstar of crushing
 K - a +1 morningstar of protection (weapon)
Armour
 c - a +0 shield (worn)
 n - a +0 pair of gloves (worn)
 p - a +0 chain mail (worn)
 t - a +0 large shield
 A - a +2 hat (worn)
 C - a +2 pair of boots of running
 I - a +2 pair of boots (worn)
 J - a +2 cloak of invisibility (worn)
Jewellery
 s - an uncursed amulet of magic regeneration {unknown}
 D - a ring of poison resistance (left hand)
 G - the amulet "Ossuroa" (around neck) {Harm *Drain +Blink rElec Str+2 Dex-2}
   (You found it on level 6 of the Dungeon)

   [amulet of harm]

   It increases damage dealt and taken.
   It affects your strength (+2).
   It affects your dexterity (-2).
   It insulates you from electricity.
   It lets you blink.
   It causes draining when unequipped.
Wands
 j - a wand of iceblast (8)
 o - a wand of flame (21)
 F - a wand of paralysis (8)
Scrolls
 g - a scroll of enchant weapon {unknown}
 h - a scroll of enchant armour
 m - 2 scrolls of amnesia
 q - 2 scrolls of teleportation {unknown}
 r - 4 scrolls of remove curse
 w - 2 scrolls of blinking
 z - 2 scrolls of acquirement {unknown}
 E - 2 scrolls of noise {unknown}
Potions
 b - 3 potions of heal wounds {unknown}
 d - 4 potions of might
 e - 2 potions of curing {unknown}
 i - 3 potions of degeneration {unknown}
 k - 2 potions of magic {unknown}
 l - a potion of agility {unknown}
 u - a potion of cancellation {unknown}
 v - 3 potions of berserk rage {unknown}
 x - 2 potions of mutation {unknown}
Comestibles
 f - 12 rations


   Skills:
 + Level 6.6 Fighting
 + Level 12.3(12.4) Axes
 * Level 2.1(7.1) Maces & Flails
 - Level 5.0 Armour
 + Level 6.4 Shields


You had 8 spell levels left.
You didn't know any spells.
Your spell library was empty.

Dungeon Overview and Level Annotations

Branches:
Dungeon (8/15)             Temple (1/1) D:7
   Lair: D:8-11

Altars:
Ashenzari
Cheibriados
Dithmenos
Elyvilon
Fedhas
Gozag
Kikubaaqudgha
Makhleb
Nemelex Xobeh
Qazlal
Ru
Sif Muna
Trog
Uskayaw
Vehumet
Wu Jian
Xom
Yredelemnul
Zin
The Shining One

Shops:
D:5 (   D:7 ((==(


Message History

There is a stone staircase leading up here.
You see here a square soapstone amulet.
You are too injured to fight recklessly!
The orc wizard mumbles some strange words.
The orc wizard seems to speed up.
The orc warrior hits you but does no damage.
You climb upwards.
There is a stone staircase leading down here.
You are too injured to fight recklessly!
You are too injured to fight recklessly!
You are too injured to fight recklessly!
You are too injured to fight recklessly!
You closely miss the orc warrior.
The orc warrior is severely wounded.
The orc warrior hits you with a +0 flail!
* * * LOW HITPOINT WARNING * * *
You closely miss the orc warrior.
The orc warrior is severely wounded.
The orc warrior hits you with a +0 flail!
You die...

#......###.##..############
#....(..##.##.............#
#######.....#.##.###............#
......'.....#..#....######....###
#######....###.#.##.#....'....'..
.................##.#.####....###
######.......##..##.#..# #....###
#####..._[.###o.##.##.# #.......
#..........# #.@##.##.##########
#..........# #####.##.##.......#
#.....###..## #.##.#..#...#..
#.....'.....# #.##...##.⌠.##.
##.....#####.# #.....##.....##
.#.....# #.# ###).##..#.#..#
.#.....#####.# #.....##.##..
.'.....'.....# #....##...##.
##.....####### #..⌠....>....


You could see an orc warrior.

Vanquished Creatures
  Prince Ribbit (D:6)
  Grinder (D:6)
  A water moccasin (D:5)
  An ice beast (D:6)
  A phantom (D:7)
  4 ogres
  An orc warrior (D:8)
  2 black bears (D:6)
  A sky beast (D:7)
  A centaur (D:5)
  2 bullfrogs
  2 scorpions
  A crimson imp (D:5)
  A centaur zombie (D:5)
  3 orc priests
  Crazy Yiuf (D:6)
  2 bullfrog skeletons
  3 orc wizards
  2 iguanas
  6 worker ants
  A hound zombie (D:5)
  A hound skeleton (D:5)
  A howler monkey zombie (D:5)
  6 adders
  A shadow imp (D:5)
  2 adder zombies (D:5)
  An ooze (D:3)
  An adder skeleton (D:4)
  3 worms
  A dart slug (D:3)
  5 leopard geckos
  16 orcs
  A ball python (D:3)
  3 giant cockroaches
  12 hobgoblins
  8 jackals (D:2)
  7 kobolds
  2 quokkas
  6 bats
  3 frilled lizards
  8 goblins
  4 rats
130 creatures vanquished.

Vanquished Creatures (others)
  A human (D:2)
1 creature vanquished.

Grand Total: 131 creatures vanquished

Notes
Turn   | Place    | Note
-------+----------+-------------------------------------------
     0 | D:1      | VincentAMV the Hill Orc Fighter began the quest for the
                  | Orb.
     0 | D:1      | Reached XP level 1. HP: 19/19 MP: 1/1
   151 | D:1      | Reached XP level 2. HP: 26/27 MP: 2/2
   300 | D:1      | Reached skill level 3 in Axes
   711 | D:2      | Reached XP level 3. HP: 28/33 MP: 3/3
   903 | D:2      | Reached XP level 4. HP: 28/40 MP: 4/4
  1063 | D:2      | Reached skill level 4 in Axes
  1159 | D:2      | Found an ancient bone altar of Kikubaaqudgha.
  1162 | D:2      | Noticed a human
  1165 | D:2      | Killed a human
  1515 | D:3      | Found a bloodstained altar of Trog.
  1649 | D:3      | Found a radiant altar of Vehumet.
  1816 | D:3      | Reached XP level 5. HP: 44/46 MP: 5/5
  2115 | D:4      | Noticed an ogre
  2146 | D:4      | Killed an ogre
  2146 | D:4      | Reached skill level 5 in Axes
  2455 | D:4      | Found a sacrificial altar of Ru.
  2487 | D:4      | Reached XP level 6. HP: 53/53 MP: 6/6
  2932 | D:5      | Entered Level 5 of the Dungeon
  2936 | D:5      | Reached skill level 5 in Armour
  3071 | D:5      | Reached skill level 6 in Axes
  3425 | D:5      | Identified a +2 pair of boots of running (You found it on
                  | level 5 of the Dungeon)
  3454 | D:5      | Found Viba Ymo's Weapon Boutique.
  3584 | D:5      | Reached XP level 7. HP: 47/60 MP: 7/7
  3665 | D:5      | Reached skill level 7 in Axes
  3673 | D:5      | Reached skill level 5 in Shields
  3882 | D:5      | Reached skill level 5 in Fighting
  4054 | D:5      | Reached skill level 8 in Axes
  4486 | D:5      | Reached XP level 8. HP: 64/68 MP: 8/8
  4558 | D:6      | Noticed Prince Ribbit
  4647 | D:6      | Found a stormy altar of Qazlal.
  4654 | D:6      | Reached skill level 9 in Axes
  4658 | D:6      | Found a basalt altar of Yredelemnul.
  4659 | D:6      | Found a blossoming altar of Fedhas.
  5051 | D:6      | Reached skill level 10 in Axes
  5271 | D:6      | Found a basalt altar of Yredelemnul.
  5443 | D:6      | Got a faintly glowing ivory amulet
  5447 | D:6      | Noticed Grinder
  5450 | D:6      | Paralysed by Grinder for 5 turns
  5464 | D:6      | Killed Grinder
  5522 | D:6      | Reached skill level 11 in Axes
  5555 | D:6      | Killed Prince Ribbit
  5555 | D:6      | Reached XP level 9. HP: 46/75 MP: 9/9
  5892 | D:6      | Found a runed translucent door.
  5893 | D:6      | Noticed Crazy Yiuf
  5910 | D:6      | Killed Crazy Yiuf
  6132 | D:7      | Reached skill level 12 in Axes
  6291 | D:7      | Found an opulent altar of Gozag.
  6324 | D:7      | Found Ukkaic's Antique Weapon Emporium.
  6331 | D:7      | Bought a runed morningstar for 168 gold pieces
  6363 | D:7      | Found Waohososch's Jewellery Shoppe.
  6408 | D:7      | Found Jigiqola's Jewellery Emporium.
  6436 | D:7      | Found Quz Paoxt's Weapon Shoppe.
  6562 | D:7      | Found a radiant altar of Vehumet.
  6581 | D:7      | Reached skill level 1 in Maces & Flails
  6704 | D:7      | Found a staircase to the Ecumenical Temple.
  6743 | Temple   | Entered the Ecumenical Temple
  6900 | Temple   | Became a worshipper of the Shining One
  7073 | D:7      | Found Loum's Antique Weapon Emporium.
  7076 | D:7      | Bought a runed morningstar for 168 gold pieces
  7078 | D:7      | Identified the amulet "Ossuroa" {Harm *Drain +Blink rElec
                  | Str+2 Dex-2} (You found it on level 6 of the Dungeon)
  7214 | D:7      | Slain by an orc warrior

Skill      XL: |  1  2  3  4  5  6  7  8  9 |
---------------+----------------------------+-----
Axes           | 3 4 5 6 8 11 12 | 12.3
Fighting       | 4 5 6 |  6.6
Shields        | 4 5 6 |  6.4
Armour         | 4 5 |  5.0
Maces & Flails | 2 |  2.1

Action                   |  1- 3 |  4- 6 |  7- 9 || total
-------------------------+-------+-------+-------++-------
Melee: War axe           |   109 |   200 |   183 ||   492
       Morningstar       |       |       |    59 ||    59
  Use: Scroll            |       |     4 |     2 ||     6
  Eat: Chunk             |       |     8 |     7 ||    15
       Ration            |       |       |     2 ||     2
Armor: Scale mail        |    33 |       |       ||    33
       Chain mail        |    17 |    83 |   123 ||   223
Dodge: Dodged            |    25 |    37 |    36 ||    98
Block: Shield            |    61 |    98 |   114 ||   273
